 Dungeon Crawl Stone Soup version 0.31-a0-237-g2d982f9f85 (webtiles) character file.

Game seed: 13042229340560287266

1747 qw the Skirmisher (level 8, -2/73 HPs)
             Began as a Minotaur Hexslinger on July 11, 2023.
             Slain by a wyvern (5 damage)
             ... on level 6 of the Dungeon.
             The game lasted 00:02:13 (4717 turns).

qw the Skirmisher (Minotaur Hexslinger)             Turns: 4717, Time: 00:02:13

Health: -2/73      AC:  8    Str: 13    XL:     8   Next: 77%
Magic:  8/8        EV: 16    Int: 10    God:
Gold:   171        SH:  0    Dex: 15    Spells: 8/9 levels left

rFire   . . .        Y - +0 shortbow
rCold   . . .        (shield currently unavailable)
rNeg    . . .        d - +0 ring mail
rPois   .            (helmet restricted)
rElec   .            h - scarf {repulsion}
rCorr   .            b - +1 pair of gloves {hurl}
SInv    .            f - +0 pair of boots
Will    .....        a - amulet of regeneration
Stlth   +            r - +5 ring of evasion
HPRegen 1.12/turn    (no ring)
MPRegen 0.11/turn

%: repel missiles
@: lethally poisoned (-2 -> -11), about to teleport
A: horns 2, retaliatory headbutt
a: no special abilities


You were on level 6 of the Dungeon.
You visited 1 branch of the dungeon, and saw 7 of its levels.

You collected 319 gold pieces.
You spent 148 gold pieces at shops.


Innate Abilities, Weirdness & Mutations

You have a pair of horns on your head.
You reflexively headbutt those who attack you in melee.


   Skills:
 - Level 7.1 Fighting
 + Level 10.0 Ranged Weapons
 - Level 3.1 Armour
 - Level 3.2 Dodging
 - Level 1.0 Spellcasting
 - Level 2.0 Hexes


You had 8 spell levels left.
You knew the following spells:

 Your Spells              Type           Power      Damage    Failure   Level
a - Slow                  Hex            16%        N/A       30%         1

Your spell library contained the following spells:

 Spells                   Type           Power      Damage    Failure   Level
 Inner Flame              Hex/Fire       2%         N/A       80%         3
 Portal Projectile        Hex/Tloc       4%         N/A       80%         3
 Cause Fear               Hex            2%         N/A       97%         4

Inventory:

Hand Weapons
 Y - a +0 shortbow (weapon)
Armour
 b - a +1 pair of gloves of hurling (worn)
 d - a +0 ring mail (worn)
 f - a +0 pair of boots (worn)
 h - a scarf of repulsion (worn)
 i - a +2 cloak
Jewellery
 a - an amulet of regeneration (around neck)
 r - a +5 ring of evasion (left hand)
Scrolls
 c - a scroll of identify
 s - a scroll of teleportation
Potions
 e - a potion of resistance
 j - 2 potions of might
 k - a potion of mutation
 l - 3 potions of curing
 m - a potion of enlightenment
 n - a potion of invisibility {unknown}
 q - a potion of attraction {unknown}

Dungeon Overview and Level Annotations

Branches:
Dungeon (7/15)
 Temple: D:4-7

Altars:
Elyvilon
Gozag
Ru
Wu Jian
Zin

Shops:
D:2 [

Annotations:
D:3 1 runed translucent door, Crazy Yiuf
D:4 3 runed translucent doors, qw's ghost, amateur GrHs


Message History

The killer bee poisons you! The killer bee closely misses you.
The killer bee barely misses you.
You climb upwards.
You feel extremely sick.
There is a stone staircase leading down here.
Enter note:
Enter note:
Enter note:
Enter note:
Enter note:
Enter note: You shoot an arrow.
The arrow hits the wyvern.
The wyvern is almost dead.
You feel very sick. The killer bee barely misses you.
The killer bee misses you. You furiously retaliate!
You headbutt the killer bee. The killer bee stings you.
The killer bee stings you but does no damage.
The wyvern bites you! The killer bee stings you.
The killer bee stings you but does no damage.
The wyvern bites you!
The killer bee stings you but does no damage.
The killer bee barely misses you.
4716 ||| READING 2 scrolls of teleportation.
As you read the scroll of teleportation, it crumbles to dust.
You feel strangely unstable.
You feel very sick. The killer bee barely misses you.
The killer bee closely misses you. The killer bee barely misses you.
The killer bee misses you.
The wyvern bites you but does no damage.
The killer bee stings you but does no damage.
The killer bee stings you. x2; The killer bee misses you.
4717 ||| DRINKING potion of heal wounds.
You feel much better.
You feel sick. The killer bee misses you. The killer bee stings you.
You are more poisoned.
The killer bee poisons you! The killer bee barely misses you.
The killer bee closely misses you. The wyvern bites you!
The killer bee misses you. The killer bee barely misses you.
The wyvern bites you.
You die...

########................#.# #.#
.....(....######...##.#.#.####.##
#########.# #...##.#.......... #
#.# #...##............ ##
#.######.....<.###.....## .##
#.#............# #.#####
.<#######.#.####..####.###.#
..<.....#.#.# #yl# #.....#
...####.#.#.# #@y# ##.#.##
.#^###....#.# #yy#####.#[#
.#..........####........#>#
....##..##..##..).#######.#
.#.###..##..##.#### #.# ##.#
#..##..##.# #.# ...# #.<##..##.#
#.# ##.###..##..##.# #.#
........#......# #.#######


You could see a wyvern and 4 killer bees.

Vanquished Creatures
  2 black bears
  2 ice beasts (D:5)
  An ogre (D:5)
  A centaur (D:5)
  A phantom (D:5)
  A bullfrog (D:6)
  5 scorpions
  A killer bee (D:7)
  A howler monkey (D:6)
  3 hounds
  4 jellies
  4 orc priests
  3 iguanas
  2 orc wizards (D:6)
  3 gnolls (D:4)
  7 adders
  A shadow imp (D:5)
  A white imp (D:6)
  3 worms
  6 dart slugs
  23 orcs
  7 bats
  7 endoplasms
  5 giant cockroaches
  6 goblins
  5 hobgoblins
  8 jackals (D:2)
  6 quokkas
  6 ball pythons
  3 frilled lizards
  5 kobolds
  4 rats
137 creatures vanquished.

Notes
Turn   | Place    | Note
-------+----------+-------------------------------------------
     0 | D:1      | qw the Minotaur Hexslinger began the quest for the Orb.
     0 | D:1      | Reached XP level 1. HP: 16/16 MP: 1/1
     0 | D:1      | 0 ||| qw: Version: 0.3-a-52-g30416fa
     0 | D:1      | 0 ||| qw: Game counter: 5481
     0 | D:1      | 0 ||| qw: Melee chars always use a shield: true
     0 | D:1      | 0 ||| qw: God list: Okawaru
     0 | D:1      | 0 ||| qw: Allow faded altars: false
     0 | D:1      | 0 ||| qw: Do Orc after clearing Dungeon:15 true
     0 | D:1      | 0 ||| qw: Do second Lair branch before Depths: true
     0 | D:1      | 0 ||| qw: Lair rune preference: random
     0 | D:1      | 0 ||| qw: Goals: Normal
     0 | D:1      | 0 ||| PLANNING D:1-11
   134 | D:1      | Reached skill level 3 in Ranged Weapons
   141 | D:1      | Reached XP level 2. HP: 23/23 MP: 2/2
   440 | D:1      | 440 ||| UPGRADING to +0 ring mail.
   450 | D:1      | 450 ||| DROPPING +0 robe.
   451 | D:1      | 451 ||| UPGRADING to scarf of repulsion.
   456 | D:1      | 456 ||| READING scroll labelled EMAOHU JONTUR.
   457 | D:1      | 457 ||| READING scroll labelled TIPSEI SUCVISCH.
   458 | D:1      | 458 ||| READING 3 scrolls labelled BESOHEMIXE.
   459 | D:1      | 459 ||| DROPPING scroll of poison.
   460 | D:1      | 460 ||| DROPPING 2 scrolls of blinking.
   518 | D:2      | Reached XP level 3. HP: 29/29 MP: 3/3
   613 | D:2      | Reached skill level 4 in Ranged Weapons
   775 | D:2      | Found Hyigei's Armour Shoppe.
   775 | D:2      | Noticed an animated crystal plate armour
   775 | D:2      | Noticed an animated plate armour
   796 | D:2      | 796 ||| BUYING +0 pair of boots (58 gold).
   796 | D:2      | Bought a +0 pair of boots for 58 gold pieces
   796 | D:2      | 796 ||| SHOPLISTING +1 hat (143 gold, have 33).
   796 | D:2      | 796 ||| SWAPPING to +0 shortbow.
   797 | D:2      | 797 ||| DROPPING +1 sling.
   835 | D:2      | Reached skill level 1 in Armour
   945 | D:2      | Reached XP level 4. HP: 36/36 MP: 4/4
   949 | D:2      | Found a faded altar of an unknown god.
  1181 | D:2      | 1181 ||| UPGRADING to +0 pair of boots.
  1186 | D:2      | 1186 ||| READING 2 scrolls labelled ANEUS LUDE.
  1187 | D:2      | 1187 ||| DROPPING scroll of fear.
  1243 | D:3      | 1243 ||| FLEEEEING.
  1244 | D:3      | 1244 ||| FLEEEEING.
  1245 | D:3      | 1245 ||| FLEEEEING.
  1246 | D:3      | 1246 ||| FLEEEEING.
  1643 | D:3      | Found a runed translucent door.
  1644 | D:3      | Noticed Crazy Yiuf
  1770 | D:3      | Reached skill level 5 in Ranged Weapons
  1964 | D:3      | 1964 ||| UPGRADING to amulet of regeneration.
  1969 | D:3      | 1969 ||| READING scroll labelled QUOTURAABY.
  2011 | D:3      | 2011 ||| READING scroll labelled POLOSE KUR AHAD.
  2062 | D:4      | Reached skill level 3 in Fighting
  2062 | D:4      | Reached XP level 5. HP: 45/45 MP: 5/5
  2169 | D:4      | Reached skill level 6 in Ranged Weapons
  2217 | D:4      | Reached XP level 6. HP: 27/52 MP: 6/6
  2353 | D:4      | Found a runed translucent gate.
  2355 | D:4      | Found a runed translucent gate.
  2355 | D:4      | Found a runed translucent gate.
  2442 | D:4      | Noticed qw's ghost (amateur GrHs)
  2442 | D:4      | Noticed an ice beast
  2659 | D:4      | Found an opulent altar of Gozag.
  2662 | D:4      | Found a white marble altar of Elyvilon.
  2696 | D:4      | Found a sacrificial altar of Ru.
  2699 | D:4      | Found an ornate altar of the Wu Jian Council.
  2749 | D:4      | Reached skill level 7 in Ranged Weapons
  2898 | D:4      | 2898 ||| READING 5 scrolls of identify.
  2898 | D:4      | 2898 ||| IDENTIFYING murky coppery potion
  2899 | D:4      | 2899 ||| READING 4 scrolls of identify.
  2899 | D:4      | 2899 ||| IDENTIFYING clear potion
  2900 | D:4      | 2900 ||| READING 3 scrolls of identify.
  2900 | D:4      | 2900 ||| IDENTIFYING ruby potion
  2901 | D:4      | 2901 ||| READING 2 scrolls of identify.
  2901 | D:4      | 2901 ||| IDENTIFYING sapphire potion
  2902 | D:4      | 2902 ||| DROPPING potion of lignification.
  2903 | D:4      | 2903 ||| DROPPING potion of brilliance.
  2931 | D:5      | Entered Level 5 of the Dungeon
  3000 | D:5      | HP: 5/52 [orc priest/divine providence (17)]
  3002 | D:5      | HP: 2/52 [poisoned by an adder]
  3007 | D:5      | HP: 2/52 [poisoned by an adder]
  3133 | D:5      | Reached XP level 7. HP: 59/59 MP: 7/7
  3267 | D:5      | Reached skill level 8 in Ranged Weapons
  3393 | D:5      | Reached skill level 3 in Armour
  3573 | D:5      | Reached XP level 8. HP: 41/68 MP: 8/8
  3585 | D:5      | Reached skill level 9 in Ranged Weapons
  3785 | D:5      | Reached skill level 3 in Dodging
  4013 | D:5      | 4013 ||| UPGRADING to +1 pair of gloves of hurling.
  4018 | D:5      | 4018 ||| DROPPING ring of magical power.
  4019 | D:5      | 4019 ||| UPGRADING to +5 ring of evasion.
  4020 | D:5      | 4020 ||| READING scroll labelled CIRCHI WATA.
  4021 | D:5      | 4021 ||| READING 2 scrolls of identify.
  4021 | D:5      | 4021 ||| IDENTIFYING murky cyan potion
  4169 | D:6      | Reached skill level 6 in Fighting
  4347 | D:6      | Reached skill level 10 in Ranged Weapons
  4624 | D:6      | Found Zin's Purification Station.
  4627 | D:6      | Found a glowing silver altar of Zin.
  4630 | D:6      | 4630 ||| BUYING potion of curing (90 gold).
  4630 | D:6      | Bought a potion of curing for 90 gold pieces
  4686 | D:6      | 4686 ||| DRINKING 2 fuming red potions.
  4687 | D:6      | 4687 ||| READING 2 scrolls of identify.
  4687 | D:6      | 4687 ||| IDENTIFYING viscous clear potion
  4713 | D:7      | 4713 ||| STAIRDANCE
  4715 | D:6      | HP: 13/73 [wyvern (14)]
  4716 | D:6      | 4716 ||| READING 2 scrolls of teleportation.
  4716 | D:6      | HP: 3/73 [killer bee (6)]
  4717 | D:6      | 4717 ||| DRINKING potion of heal wounds.
  4717 | D:6      | Slain by a wyvern

Levels and vault maps discovered:
D:1:      elethiomel_arrival_quiet, layout_rooms, minmay_tiny_reverse_x
D:2:      layout_basic, hellmonk_ecumenical_altar_dog_temple, serial_shops,
          nicolae_shop_mannequins, chequers_serial_rivers_small_b,
          dreamdust_mushroom_princess
D:3:      layout_loops_cross, uniq_crazy_yiuf_cottage
D:4:      layout_loops_ring, grunt_temple_overflow_cloverleaf,
          gammafunk_ghost_icy
D:5:      layout_loops_corners, eino_tiny_chamber, serial_bayou_lake_a
D:6:      layout_loops_ring, zin_purify
D:7:      layout_basic, minmay_temple_entry_drinking_statues,
          gammafunk_ghost_wrathful_warriors, minmay_shattered_shrine,
          uniq_maggie, uniq_menkaure

Skill      XL: |  1  2  3  4  5  6  7  8 |
---------------+-------------------------+-----
Ranged Weapons | 3 4 5 6 7 8 10 | 10.0
Fighting       | 2 3 4 5 7 |  7.1
Armour         | 1 3 |  3.1
Dodging        | 3 |  3.2
Spellcasting   | |  1.0
Hexes          | |  2.0

Action                     |  1- 3 |  4- 6 |  7- 9 || total
---------------------------+-------+-------+-------++-------
   Fire: Sling             |    84 |       |       ||    84
         Shortbow          |    36 |   181 |   249 ||   466
    Use: Scroll            |     3 |     7 |     4 ||    14
         Potion            |       |       |     2 ||     2
 Armour: Ring mail         |    15 |    25 |    80 ||   120
  Dodge: Dodged            |    33 |    48 |   140 ||   221
         Repelled          |       |       |     5 ||     5

Table legend:
 A = Non-vault XP
 B = Vault XP
 C = Vault XP percentage of total XP
 D = Non-vault monster count
 E = Vault monster count
 F = Vault count percentage of total count
                 A         B        C        D         E       F
            +---------+---------+-------+---------+---------+-------
      Total |    2489 |       7 |   0.3 |     133 |       4 |   2.9
            +---------+---------+-------+---------+---------+-------
        D:1 |      28 |       3 |   9.7 |      18 |       2 |  10.0
        D:2 |      79 |       4 |   4.8 |      26 |       2 |   7.1
        D:3 |      43 |       0 |   0.0 |      15 |       0 |   0.0
        D:4 |     500 |       0 |   0.0 |      23 |       0 |   0.0
        D:5 |    1081 |       0 |   0.0 |      22 |       0 |   0.0
        D:6 |     695 |       0 |   0.0 |      28 |       0 |   0.0
        D:7 |      63 |       0 |   0.0 |       1 |       0 |   0.0
            +---------+---------+-------+---------+---------+-------
